Blackdemons vs Inferno (R1)

Created - April 20, 2019 at 22:46

Goals
1 2 3 T
Blackdemons 2 0 0 2
Inferno 0 0 1 1
Shots
1 2 3 T
Blackdemons 19 8 10 37
Inferno 5 13 19 37

1st period

1. Blackdemons , Kyle Rau 14 (Ladislav Nagy 34, Laurent Brossoit) at 13:32
2. Blackdemons , Alexei Morozov 40 (Martin Hanzal 70, Robbie Russo 7) at 13:40

Penalties :
Alexei Morozov (MJM) for Tripping (Minor) at 7:22, Tyler Shattock (Anc) for Roughing (Minor) at 18:01

2nd period

No Goal

Penalties :
Simon Danis-Pepin (Anc) for Interference (Minor) at 5:15, Blake Pietila (MJM) for Hooking (Minor) at 18:48

3rd period

3. Inferno , Vladimir Sobotka 39 (Kyle Palmieri 54, Tanner Pearson 50) at 3:11

Penalties :
Keaton Ellerby (MJM) for Holding (Minor) at 8:00, Kyle Palmieri (Anc) for Roughing (Minor) at 9:19, Ladislav Nagy (MJM) for Slashing (Double Minor) at 16:03

Goalie Stats

Laurent Brossoit (MJM), 36 saves from 37 shots - (0.973), W, 15-8-3, 60:00 minutes
Michael Hutchinson (Anc), 35 saves from 37 shots - (0.946), L, 11-14-1, 60:00 minutes

Players Stats for Blackdemons

Player Name              G  A  P  +/- PIM S  H  SB GA TA FO     MP     PP MP  PK MP  
------------------------------------------------------------------------------------
Alexei Morozov           1  0  1   1  2   5  2  1  1  0  1/1    17:19   2:59   0:03 
Ben Maxwell              0  0  0   0  0   0  1  1  1  0  0/0     9:38   0:00   0:00 
Blake Pietila            0  0  0   1  2   2  1  1  0  1  1/1    18:37   2:59   1:21 
Brett Kulak              0  0  0   0  0   1  2  0  0  1  0/0    12:32   0:00   0:00 
Charles-Olivier Roussel  0  0  0   0  0   1  0  1  0  0  0/0     9:47   2:56   0:38 
Hudson Fasching          0  0  0   0  0   1  0  0  0  0  0/1    11:59   2:12   0:00 
James Livingstone        0  0  0   0  0   1  1  0  0  0  0/0    11:07   0:00   0:00 
Jeffrey Foss             0  0  0   0  0   1  3  4  0  0  0/0    16:57   2:05   4:41 
Keaton Ellerby           0  0  0   1  2   2  1  2  1  0  0/0    23:33   2:28   3:39 
Kyle Rau                 1  0  1   0  0   3  1  1  1  0  2/6    13:43   0:06   3:57 
Ladislav Nagy            0  1  1   0  4   4  1  0  1  1  0/1    12:06   0:00   2:35 
Martin Hanzal            0  1  1   1  0   2  2  0  0  0  10/19  17:02   2:18   0:00 
Matt Grzelcyk            0  0  0   0  0   1  0  0  0  0  0/0     9:56   0:00   4:25 
Patrice Cormier          0  0  0   0  0   5  1  1  0  2  11/24  18:26   2:59   4:04 
Robbie Russo             0  1  1   0  0   1  1  2  0  0  0/0    10:35   0:06   0:00 
Scott Timmins            0  0  0   0  0   0  0  1  0  0  2/4    11:19   0:00   1:12 
Sergei Plotnikov         0  0  0   0  0   3  3  0  0  0  0/0    13:46   0:00   4:08 
Tommy Vannelli           0  0  0   0  0   2  0  1  0  1  0/0    14:19   0:54   0:53 
Yannick Weber            0  0  0   1  0   2  1  0  0  1  0/0    22:26   2:11   4:10 
Zachary Sanford          0  0  0   0  0   0  0  2  0  0  0/0    14:56   2:12   1:06 

Players Stats for Inferno

Player Name              G  A  P  +/- PIM S  H  SB GA TA FO     MP     PP MP  PK MP  
------------------------------------------------------------------------------------
Anders Lee               0  0  0  -1  0   1  1  0  2  0  6/16   19:28   4:39   1:36 
Bryan Rust               0  0  0  -1  0   1  0  1  1  0  0/0    15:52   0:00   2:35 
Christian Folin          0  0  0   1  0   2  0  0  0  2  0/0    21:09   5:40   0:06 
Colby Robak              0  0  0  -2  0   1  0  3  1  0  0/0    21:31   0:33   3:04 
David Savard             0  0  0  -2  0   2  5  1  0  1  0/0    26:14   5:40   3:04 
Esa Lindell              0  0  0   0  0   1  0  1  0  0  0/0    16:04   3:00   0:51 
Greg Pateryn             0  0  0   0  0   1  2  0  0  0  0/0    14:54   0:33   2:07 
Kyle Palmieri            0  1  1   0  2   3  1  2  1  0  0/0    17:19   3:42   0:00 
Matt Kassian             0  0  0   0  0   3  1  0  0  0  0/0    12:37   0:00   1:06 
Oliver Bjorkstrand       0  0  0   0  0   2  0  0  1  0  1/2    11:01   4:39   0:00 
Peter Cehlarik           0  0  0   0  0   0  0  0  0  0  0/0     7:00   0:47   0:00 
Philip Varone            0  0  0   0  0   3  0  0  0  0  5/9    13:31   0:54   1:06 
Simon Danis-Pepin        0  0  0   1  2   0  1  3  0  2  0/0    20:24   3:00   1:22 
Tanner Pearson           0  1  1   0  0   7  0  0  0  0  1/1    19:55   4:44   0:46 
Tyler Shattock           0  0  0   0  2   0  1  1  0  0  0/0    12:41   0:51   0:00 
Victor Rask              0  0  0   0  0   4  2  0  0  0  1/1     9:53   3:40   0:00 
Vladimir Sobotka         1  0  1   0  0   4  2  1  0  0  14/26  17:08   0:00   2:35 
Vladimir Zharkov         0  0  0  -1  0   2  1  1  1  0  2/2    17:19   3:42   0:50 

3 Stars

1 - Laurent Brossoit (MJM)
2 - Michael Hutchinson (Anc)
3 - Kyle Rau (MJM)

Power Play

Blackdemons - 0 on 3 Attempt(s) - 0.00%
Inferno - 0 on 5 Attempt(s) - 0.00%

Penalty Kill

Blackdemons - 5 on 5 Attempt(s) - 100.00% - Score 0 goal in Penalty Kill
Inferno - 3 on 3 Attempt(s) - 100.00% - Score 0 goal in Penalty Kill

Team Stat

Blackdemons - Hits : 21 - Faceoff Wins : 27 - Blocked Shots : 18 - Penalty Minutes : 10
Inferno - Hits : 17 - Faceoff Wins : 30 - Blocked Shots : 14 - Penalty Minutes : 6

Official

Referees : Unknown
Linesman : Unknown

Game Notes

13:40 of 1st period - Blackdemons goal is going for a video replay. After video review, Goal.

Finance

Level 1 -- Attendance: 1572 (78.60%) -- Ticket Income $62,880
Level 2 -- Attendance: 782 (78.20%) -- Ticket Income $15,640
Total Attendance: 2354 (78.47%)
Total Ticket Income: $78,520
Other Income: $3,926
Total Income: $82,446

Blackdemons

5 vs 5 Forward 
   Center                   Left Wing                Right Wing               Time % Phy DF OF 
 1 Martin Hanzal            Blake Pietila            Alexei Morozov           34     0   1  4  
 2 Patrice Cormier          Zachary Sanford          James Livingstone        33     0   1  4  
 3 Kyle Rau                 Ladislav Nagy            Hudson Fasching          22     0   2  3  
 4 Scott Timmins            Sergei Plotnikov         Ben Maxwell              11     0   1  4  

5 vs 5 Defense 
   Defense                  Defense                                           Time % Phy DF OF 
 1 Keaton Ellerby           Yannick Weber                                     40     0   4  1  
 2 Jeffrey Foss             Robbie Russo                                      30     0   4  1  
 3 Brett Kulak              Tommy Vannelli                                    22     0   5  0  
 4 Matt Grzelcyk            Charles-Olivier Roussel                           8      0   5  0  

PowerPlay Forward 
   Center                   Left Wing                Right Wing               Time % Phy DF OF 
 1 Patrice Cormier          Blake Pietila            Alexei Morozov           50     0   0  5  
 2 Martin Hanzal            Zachary Sanford          Hudson Fasching          50     0   0  5  

PowerPlay Defense
   Defense                  Defense                                           Time % Phy DF OF 
 1 Jeffrey Foss             Yannick Weber                                     50     0   1  4  
 2 Keaton Ellerby           Charles-Olivier Roussel                           50     0   1  4  

Penalty Kill 4 Players Forward 
   Center                   Wing                     Time % Phy DF OF 
 1 Patrice Cormier          Ladislav Nagy            50     0   5  0  
 2 Kyle Rau                 Sergei Plotnikov         50     0   5  0  

Penalty Kill 4 Players Defense
   Defense                  Defense                  Time % Phy DF OF 
 1 Yannick Weber            Jeffrey Foss             50     0   5  0  
 2 Matt Grzelcyk            Keaton Ellerby           50     0   5  0  

Penalty Kill - 3 Players Forward 
   Forward                                           Time % Phy DF OF 
 1 Patrice Cormier                                   60     0   5  0  
 2 Martin Hanzal                                     40     0   5  0  

Penalty Kill - 3 Players Defense
   Defense                  Defense                  Time % Phy DF OF 
 1 Yannick Weber            Matt Grzelcyk            60     0   5  0  
 2 Jeffrey Foss             Keaton Ellerby           40     0   5  0  

4 vs 4 Forward 
   Center                   Wing                     Time % Phy DF OF 
 1 Kyle Rau                 Martin Hanzal            50     1   2  2  
 2 Ladislav Nagy            Patrice Cormier          50     1   2  2  

4 vs 4 Defense
   Defense                  Defense                  Time % Phy DF OF 
 1 Keaton Ellerby           Robbie Russo             50     1   2  2  
 2 Yannick Weber            Jeffrey Foss             50     1   2  2  

Last Minutes Offensive
   Center                   Left Wing                Right Wing               Defense                  Defense                  
   Martin Hanzal            Ladislav Nagy            Alexei Morozov           Jeffrey Foss             Keaton Ellerby           

Last Minutes Defensive
   Center                   Left Wing                Right Wing               Defense                  Defense                  
   Martin Hanzal            Ladislav Nagy            Alexei Morozov           Jeffrey Foss             Keaton Ellerby           

Goaltenders
Starting : Laurent Brossoit         
Backup : Matt Hackett             

Extra Forwards
Normal : Martin Hanzal, Scott Timmins, Ladislav Nagy - PP : Martin Hanzal, Scott Timmins - PK : Patrice Cormier
Extra Defensemen
Normal : Yannick Weber, Keaton Ellerby, Jeffrey Foss - PP : Yannick Weber - PK : Keaton Ellerby, Jeffrey Foss
Penalty Shots
Martin Hanzal, Ladislav Nagy, Sergei Plotnikov, Hudson Fasching, Patrice Cormier

Scratches
Alexandre Grenier (Torn Right Knee Ligaments Injury), Max Friberg (Sprained Right Finger Injury), Christophe Lalancette (Healthy), Klas Dahlbeck (Healthy), Remi Elie (Healthy)
Jyrki Jokipakka (Healthy), Mackenzie MacEachern (Healthy), Nicolas Deschamps (Healthy), Angelo Esposito (Healthy), Jacob Lagacé (Healthy)
Roman Josi (Right Foot Injury), Ebbe Siönäs (Healthy), Sami Aittokallio (Healthy), Jeremy Smith (Healthy)

Inferno

5 vs 5 Forward 
   Center                   Left Wing                Right Wing               Time % Phy DF OF 
 1 Vladimir Sobotka         Tanner Pearson           Kyle Palmieri            40     1   2  2  
 2 Anders Lee               Vladimir Zharkov         Bryan Rust               30     1   2  2  
 3 Philip Varone            Matt Kassian             Tyler Shattock           20     1   2  2  
 4 Victor Rask              Peter Cehlarik           Oliver Bjorkstrand       10     1   2  2  

5 vs 5 Defense 
   Defense                  Defense                                           Time % Phy DF OF 
 1 Colby Robak              David Savard                                      40     1   2  2  
 2 Christian Folin          Simon Danis-Pepin                                 30     1   2  2  
 3 Greg Pateryn             Esa Lindell                                       20     1   2  2  
 4 Colby Robak              David Savard                                      10     1   2  2  

PowerPlay Forward 
   Center                   Left Wing                Right Wing               Time % Phy DF OF 
 1 Anders Lee               Tanner Pearson           Oliver Bjorkstrand       60     1   2  2  
 2 Victor Rask              Vladimir Zharkov         Kyle Palmieri            40     1   2  2  

PowerPlay Defense
   Defense                  Defense                                           Time % Phy DF OF 
 1 Christian Folin          David Savard                                      60     1   2  2  
 2 Esa Lindell              Simon Danis-Pepin                                 40     1   2  2  

Penalty Kill 4 Players Forward 
   Center                   Wing                     Time % Phy DF OF 
 1 Vladimir Sobotka         Bryan Rust               60     1   2  2  
 2 Philip Varone            Matt Kassian             40     1   2  2  

Penalty Kill 4 Players Defense
   Defense                  Defense                  Time % Phy DF OF 
 1 Colby Robak              David Savard             60     1   2  2  
 2 Greg Pateryn             Simon Danis-Pepin        40     1   2  2  

Penalty Kill - 3 Players Forward 
   Forward                                           Time % Phy DF OF 
 1 Vladimir Sobotka                                  60     1   2  2  
 2 Bryan Rust                                        40     1   2  2  

Penalty Kill - 3 Players Defense
   Defense                  Defense                  Time % Phy DF OF 
 1 Colby Robak              David Savard             60     1   2  2  
 2 Greg Pateryn             Simon Danis-Pepin        40     1   2  2  

4 vs 4 Forward 
   Center                   Wing                     Time % Phy DF OF 
 1 Vladimir Sobotka         Bryan Rust               60     1   2  2  
 2 Anders Lee               Kyle Palmieri            40     1   2  2  

4 vs 4 Defense
   Defense                  Defense                  Time % Phy DF OF 
 1 Colby Robak              David Savard             60     1   2  2  
 2 Christian Folin          Simon Danis-Pepin        40     1   2  2  

Last Minutes Offensive
   Center                   Left Wing                Right Wing               Defense                  Defense                  
   Vladimir Sobotka         Tanner Pearson           Kyle Palmieri            Colby Robak              David Savard             

Last Minutes Defensive
   Center                   Left Wing                Right Wing               Defense                  Defense                  
   Vladimir Sobotka         Tanner Pearson           Bryan Rust               Colby Robak              David Savard             

Goaltenders
Starting : Michael Hutchinson       
Backup : Christopher Gibson       

Extra Forwards
Normal : Bryan Rust, Vladimir Zharkov, Anders Lee - PP : Vladimir Zharkov, Oliver Bjorkstrand - PK : Bryan Rust
Extra Defensemen
Normal : Christian Folin, Esa Lindell, Greg Pateryn - PP : Esa Lindell - PK : Simon Danis-Pepin, Greg Pateryn
Penalty Shots
Kyle Palmieri, Vladimir Sobotka, Anders Lee, Tanner Pearson, Bryan Rust

Scratches
Chris Brown (Healthy), Matthew Nieto (Healthy), Frank Corrado (Healthy), Ryan Spooner (Healthy), Joakim Nordstrom (Healthy)
Trevor Carrick (Healthy), Petteri Lindbohm (Healthy), Daniil Tarasov (Healthy), Eric Karlsson (Healthy), John Gilmour (Healthy)
Branden Troock (Healthy), Mathieu Brodeur (Healthy), Nathan Lieuwen (Healthy)

% Time on Ice - Blackdemons

Lines # - Real PCT - Wanted PCT - Time Play
Normal Forward
1 - 31% - 34% - 13:49
2 - 27% - 33% - 12:07
3 - 21% - 22% - 9:16
4 - 21% - 11% - 9:38
Normal Defense
1 - 34% - 40% - 15:25
2 - 27% - 30% - 12:13
3 - 28% - 22% - 12:32
4 - 10% - 8% - 4:40
PP Forward
1 - 58% - 50% - 3:05
2 - 42% - 50% - 2:12
PP Defense
1 - 41% - 50% - 2:11
2 - 59% - 50% - 3:06
PK Forward
1 - 59% - 50% - 5:24
2 - 41% - 50% - 3:49
PK Defense
1 - 45% - 50% - 4:10
2 - 55% - 50% - 5:03
PK3 Forward
1 - 0% - 60%
2 - 0% - 40%
PK3 Defense
1 - 0% - 60%
2 - 0% - 40%
44 Forward
1 - 60% - 50% - 0:24
2 - 40% - 50% - 0:16
44 Defense
1 - 100% - 50% - 0:40
2 - 0% - 50% - 0:00
Last Minute Offensive  - 0:00
Last Minute Defensive  - 0:00
Total
Forward - 60:00
Defense - 60:00

% Time on Ice - Inferno

Lines # - Real PCT - Wanted PCT - Time Play
Normal Forward
1 - 34% - 40% - 15:16
2 - 26% - 30% - 11:50
3 - 26% - 20% - 11:31
4 - 14% - 10% - 6:13
Normal Defense
1 - 38% - 40% - 16:52
2 - 35% - 30% - 15:50
3 - 25% - 20% - 11:25
4 - 2% - 10% - 0:43
PP Forward
1 - 55% - 60% - 5:06
2 - 45% - 40% - 4:07
PP Defense
1 - 67% - 60% - 6:13
2 - 33% - 40% - 3:00
PK Forward
1 - 79% - 60% - 4:11
2 - 21% - 40% - 1:06
PK Defense
1 - 58% - 60% - 3:04
2 - 42% - 40% - 2:13
PK3 Forward
1 - 0% - 60%
2 - 0% - 40%
PK3 Defense
1 - 0% - 60%
2 - 0% - 40%
44 Forward
1 - 100% - 60% - 0:40
2 - 0% - 40% - 0:00
44 Defense
1 - 68% - 60% - 0:27
2 - 33% - 40% - 0:13
Last Minute Offensive  - 0:00
Last Minute Defensive  - 0:00
Total
Forward - 60:00
Defense - 60:00

Play-by-Play

1st period


0:01 of 1st period - Blake Pietila wins face-off versus Vladimir Sobotka in neutral zone.
0:06 of 1st period - Snap shot by Alexei Morozov.
0:06 of 1st period - Shot Misses the Net.
0:08 of 1st period - Snap shot by Alexei Morozov.
0:08 of 1st period - Shot Blocked by Colby Robak.
0:10 of 1st period - Wrist shot by Keaton Ellerby.
0:10 of 1st period - Stopped by Michael Hutchinson without a rebound.
0:11 of 1st period - Patrice Cormier wins face-off versus Anders Lee in Inferno zone.
0:18 of 1st period - Backhand shot by Patrice Cormier.
0:18 of 1st period - Stopped by Michael Hutchinson with a rebound.
0:22 of 1st period - Wrist shot by Patrice Cormier.
0:22 of 1st period - Shot Blocked by Simon Danis-Pepin.
0:26 of 1st period - Snap shot by Zachary Sanford.
0:26 of 1st period - Deflect By Patrice Cormier.
0:26 of 1st period - Shot Misses the Net.
0:26 of 1st period - Puck is out of play.
0:27 of 1st period - Philip Varone wins face-off versus Kyle Rau in Inferno zone.
0:57 of 1st period - Snap shot by Alexei Morozov.
0:57 of 1st period - Shot Misses the Net.
0:59 of 1st period - Snap shot by Keaton Ellerby.
0:59 of 1st period - Shot Blocked by Kyle Palmieri.
1:01 of 1st period - Slapshot by Keaton Ellerby.
1:01 of 1st period - Stopped by Michael Hutchinson without a rebound.
1:02 of 1st period - Martin Hanzal wins face-off versus Oliver Bjorkstrand in Inferno zone.
1:48 of 1st period - Off-side.
1:49 of 1st period - Vladimir Zharkov wins face-off versus Scott Timmins in neutral zone.
2:04 of 1st period - Slapshot by Vladimir Zharkov.
2:04 of 1st period - Shot Blocked by Robbie Russo.
2:23 of 1st period - Wrist shot by Alexei Morozov.
2:23 of 1st period - Stopped by Michael Hutchinson without a rebound.
2:24 of 1st period - Philip Varone wins face-off versus Patrice Cormier in Inferno zone.
2:55 of 1st period - Slapshot by Patrice Cormier.
2:55 of 1st period - Stopped by Michael Hutchinson with a rebound.
3:26 of 1st period - Wrist shot by Alexei Morozov.
3:26 of 1st period - Stopped by Michael Hutchinson without a rebound.
3:27 of 1st period - Vladimir Sobotka wins face-off versus Patrice Cormier in Inferno zone.
3:27 of 1st period - Vladimir Sobotka is hit by Brett Kulak.
4:28 of 1st period - Snap shot by Kyle Rau.
4:28 of 1st period - Shot Misses the Net.
4:30 of 1st period - Slapshot by Yannick Weber.
4:30 of 1st period - Stopped by Michael Hutchinson with a rebound.
4:48 of 1st period - Slapshot by Matt Kassian.
4:48 of 1st period - Shot Misses the Net.
5:16 of 1st period - Simon Danis-Pepin is hit by Alexei Morozov and loses puck.
5:35 of 1st period - Simon Danis-Pepin is hit by Brett Kulak and loses puck.
5:42 of 1st period - Snap shot by Ladislav Nagy.
5:42 of 1st period - Stopped by Michael Hutchinson with a rebound.
6:13 of 1st period - Off-side.
6:14 of 1st period - Philip Varone wins face-off versus Patrice Cormier in neutral zone.
6:36 of 1st period - Icing by Esa Lindell.
6:37 of 1st period - Martin Hanzal wins face-off versus Philip Varone in Inferno zone.
6:40 of 1st period - Snap shot by Alexei Morozov.
6:40 of 1st period - Stopped by Michael Hutchinson without a rebound.
6:41 of 1st period - Vladimir Sobotka wins face-off versus Martin Hanzal in Inferno zone.
6:50 of 1st period - Slapshot by Alexei Morozov.
6:50 of 1st period - Shot Misses the Net.
6:52 of 1st period - Slapshot by Keaton Ellerby.
6:52 of 1st period - Shot Blocked by Vladimir Sobotka.
7:06 of 1st period - Wrist shot by Ladislav Nagy.
7:06 of 1st period - Stopped by Michael Hutchinson without a rebound.
7:07 of 1st period - Anders Lee wins face-off versus Hudson Fasching in Inferno zone.
7:17 of 1st period - Snap shot by Vladimir Zharkov.
7:17 of 1st period - Shot Blocked by Jeffrey Foss.
7:19 of 1st period - Snap shot by Bryan Rust.
7:19 of 1st period - Deflect By Anders Lee.
7:19 of 1st period - Shot Misses the Net.
7:19 of 1st period - Puck is out of play.
7:20 of 1st period - Martin Hanzal wins face-off versus Anders Lee in Blackdemons zone.
7:22 of 1st period - Minor Penalty to Alexei Morozov for Tripping.
7:23 of 1st period - Patrice Cormier wins face-off versus Anders Lee in Blackdemons zone.
8:09 of 1st period - Wrist shot by Patrice Cormier.
8:09 of 1st period - Stopped by Michael Hutchinson with a rebound.
9:22 of 1st period - Penalty to Alexei Morozov is over, Alexei Morozov is back on ice.
9:45 of 1st period - Keaton Ellerby is hit by Matt Kassian and loses puck.
10:22 of 1st period - Icing by Zachary Sanford.
10:23 of 1st period - Patrice Cormier wins face-off versus Philip Varone in Blackdemons zone.
11:35 of 1st period - Esa Lindell is hit by Martin Hanzal and loses puck.
11:54 of 1st period - Kyle Palmieri is hit by Sergei Plotnikov and loses puck.
12:04 of 1st period - Icing by Brett Kulak.
12:05 of 1st period - Scott Timmins wins face-off versus Anders Lee in Blackdemons zone.
13:20 of 1st period - Slapshot by Victor Rask.
13:20 of 1st period - Shot Misses the Net.
13:32 of 1st period - Wrist shot by Kyle Rau.
13:32 of 1st period - Goal by Kyle Rau - Blackdemons : 1 - Inferno : 0.
13:33 of 1st period - Alexei Morozov wins face-off versus Vladimir Sobotka in neutral zone.
13:36 of 1st period - Wrist shot by Alexei Morozov.
13:36 of 1st period - Shot Misses the Net.
13:38 of 1st period - Slapshot by Robbie Russo.
13:38 of 1st period - Shot Blocked by Kyle Palmieri.
13:40 of 1st period - Wrist shot by Martin Hanzal.
13:40 of 1st period - Deflect By Alexei Morozov.
13:40 of 1st period - Blackdemons goal is going for a video replay.
13:40 of 1st period - The goal is good.
13:40 of 1st period - Goal by Alexei Morozov - Blackdemons : 2 - Inferno : 0.
13:41 of 1st period - Vladimir Sobotka wins face-off versus Martin Hanzal in neutral zone.
14:10 of 1st period - Icing by Vladimir Sobotka.
14:11 of 1st period - Patrice Cormier wins face-off versus Anders Lee in Inferno zone.
14:38 of 1st period - Tyler Shattock is hit by Ladislav Nagy and loses puck.
15:26 of 1st period - Wrist shot by Victor Rask.
15:26 of 1st period - Stopped by Laurent Brossoit with a rebound.
15:28 of 1st period - Backhand shot by David Savard.
15:28 of 1st period - Stopped by Laurent Brossoit without a rebound.
15:29 of 1st period - Martin Hanzal wins face-off versus Anders Lee in Blackdemons zone.
15:40 of 1st period - Snap shot by Martin Hanzal.
15:40 of 1st period - Shot Blocked by Colby Robak.
15:42 of 1st period - Slapshot by Jeffrey Foss.
15:42 of 1st period - Deflect By Blake Pietila.
15:42 of 1st period - Stopped by Michael Hutchinson with a rebound.
15:44 of 1st period - Slapshot by Robbie Russo.
15:44 of 1st period - Shot Misses the Net.
15:56 of 1st period - Snap shot by Vladimir Sobotka.
15:56 of 1st period - Shot Blocked by Zachary Sanford.
15:58 of 1st period - Snap shot by Tanner Pearson.
15:58 of 1st period - Stopped by Laurent Brossoit without a rebound.
15:59 of 1st period - Vladimir Sobotka wins face-off versus Patrice Cormier in Blackdemons zone.
16:02 of 1st period - Slapshot by Esa Lindell.
16:02 of 1st period - Shot Blocked by Keaton Ellerby.
16:04 of 1st period - Slapshot by Greg Pateryn.
16:04 of 1st period - Shot Blocked by Patrice Cormier.
16:06 of 1st period - Wrist shot by Tanner Pearson.
16:06 of 1st period - Shot Misses the Net.
16:08 of 1st period - Slapshot by Tanner Pearson.
16:08 of 1st period - Stopped by Laurent Brossoit without a rebound.
16:09 of 1st period - Patrice Cormier wins face-off versus Vladimir Sobotka in Blackdemons zone.
16:16 of 1st period - Slapshot by Patrice Cormier.
16:16 of 1st period - Stopped by Michael Hutchinson without a rebound.
16:17 of 1st period - Martin Hanzal wins face-off versus Vladimir Sobotka in Inferno zone.
16:42 of 1st period - Keaton Ellerby is hit by David Savard and loses puck.
17:07 of 1st period - Wrist shot by Kyle Rau.
17:07 of 1st period - Stopped by Michael Hutchinson with a rebound.
17:09 of 1st period - Slapshot by Yannick Weber.
17:09 of 1st period - Stopped by Michael Hutchinson with a rebound.
17:11 of 1st period - Wrist shot by Kyle Rau.
17:11 of 1st period - Deflect By Ladislav Nagy.
17:11 of 1st period - Shot Blocked by Esa Lindell.
17:11 of 1st period - Puck is out of play.
17:12 of 1st period - Tanner Pearson wins face-off versus Martin Hanzal in Inferno zone.
18:01 of 1st period - Minor Penalty to Tyler Shattock for Roughing.
18:02 of 1st period - Vladimir Sobotka wins face-off versus Patrice Cormier in Inferno zone.
18:13 of 1st period - Slapshot by Jeffrey Foss.
18:13 of 1st period - Stopped by Michael Hutchinson with a rebound.
18:15 of 1st period - Snap shot by Patrice Cormier.
18:15 of 1st period - Stopped by Michael Hutchinson with a rebound.
18:17 of 1st period - Slapshot by Yannick Weber.
18:17 of 1st period - Shot Misses the Net.
18:38 of 1st period - Icing by Yannick Weber.
18:39 of 1st period - Philip Varone wins face-off versus Patrice Cormier in Blackdemons zone.
18:48 of 1st period - Wrist shot by Matt Kassian.
18:48 of 1st period - Stopped by Laurent Brossoit with a rebound.
19:55 of 1st period - Martin Hanzal is hit by David Savard and loses puck.
Goals for this period are 2 for Blackdemons vs 0 for Inferno.
Shots for this period are 19 for Blackdemons vs 5 for Inferno.

2nd period


0:01 of 2nd period - Penalty to Tyler Shattock is over, Tyler Shattock is back on ice.
0:01 of 2nd period - Martin Hanzal wins face-off versus Vladimir Sobotka in neutral zone.
0:26 of 2nd period - Keaton Ellerby is hit by David Savard and loses puck.
0:35 of 2nd period - Slapshot by Oliver Bjorkstrand.
0:35 of 2nd period - Shot Misses the Net.
0:37 of 2nd period - Slapshot by Colby Robak.
0:37 of 2nd period - Shot Misses the Net.
1:17 of 2nd period - Snap shot by Matt Kassian.
1:17 of 2nd period - Shot Blocked by Keaton Ellerby.
1:23 of 2nd period - Matt Kassian is hit by Blake Pietila and loses puck.
1:30 of 2nd period - Slapshot by Alexei Morozov.
1:30 of 2nd period - Stopped by Michael Hutchinson without a rebound.
1:31 of 2nd period - Vladimir Sobotka wins face-off versus Patrice Cormier in Inferno zone.
1:31 of 2nd period - Vladimir Sobotka is hit by Patrice Cormier.
1:59 of 2nd period - Wrist shot by Ladislav Nagy.
1:59 of 2nd period - Deflect By Hudson Fasching.
1:59 of 2nd period - Stopped by Michael Hutchinson with a rebound.
2:51 of 2nd period - Snap shot by Tanner Pearson.
2:51 of 2nd period - Stopped by Laurent Brossoit without a rebound.
2:52 of 2nd period - Vladimir Sobotka wins face-off versus Martin Hanzal in Blackdemons zone.
2:53 of 2nd period - Snap shot by Kyle Palmieri.
2:53 of 2nd period - Shot Misses the Net.
2:55 of 2nd period - Slapshot by Tanner Pearson.
2:55 of 2nd period - Shot Blocked by Alexei Morozov.
2:57 of 2nd period - Wrist shot by Vladimir Sobotka.
2:57 of 2nd period - Stopped by Laurent Brossoit with a rebound.
2:59 of 2nd period - Wrist shot by Kyle Palmieri.
2:59 of 2nd period - Stopped by Laurent Brossoit with a rebound.
3:01 of 2nd period - Snap shot by Vladimir Sobotka.
3:01 of 2nd period - Shot Misses the Net.
3:03 of 2nd period - Snap shot by Vladimir Sobotka.
3:03 of 2nd period - Shot Misses the Net.
3:17 of 2nd period - Bryan Rust is hit by Kyle Rau and loses puck.
3:29 of 2nd period - Icing by Bryan Rust.
3:30 of 2nd period - Anders Lee wins face-off versus Patrice Cormier in Inferno zone.
3:34 of 2nd period - Off-side.
3:35 of 2nd period - Vladimir Sobotka wins face-off versus Patrice Cormier in neutral zone.
3:46 of 2nd period - Snap shot by Patrice Cormier.
3:46 of 2nd period - Shot Blocked by Colby Robak.
3:48 of 2nd period - Snap shot by James Livingstone.
3:48 of 2nd period - Stopped by Michael Hutchinson with a rebound.
3:50 of 2nd period - Slapshot by Matt Grzelcyk.
3:50 of 2nd period - Stopped by Michael Hutchinson without a rebound.
3:51 of 2nd period - Anders Lee wins face-off versus Martin Hanzal in Inferno zone.
5:15 of 2nd period - Minor Penalty to Simon Danis-Pepin for Interference.
5:16 of 2nd period - Martin Hanzal wins face-off versus Vladimir Sobotka in Inferno zone.
6:13 of 2nd period - Zachary Sanford is hit by Vladimir Sobotka and loses puck.
7:15 of 2nd period - Penalty to Simon Danis-Pepin is over, Simon Danis-Pepin is back on ice.
7:15 of 2nd period - Jeffrey Foss is hit by Simon Danis-Pepin and loses puck.
7:47 of 2nd period - Wrist shot by Tanner Pearson.
7:47 of 2nd period - Stopped by Laurent Brossoit with a rebound.
7:49 of 2nd period - Snap shot by Anders Lee.
7:49 of 2nd period - Shot Misses the Net.
7:51 of 2nd period - Slapshot by David Savard.
7:51 of 2nd period - Stopped by Laurent Brossoit with a rebound.
8:13 of 2nd period - Christian Folin is hit by Jeffrey Foss and loses puck.
8:24 of 2nd period - Slapshot by Sergei Plotnikov.
8:24 of 2nd period - Stopped by Michael Hutchinson without a rebound.
8:25 of 2nd period - Philip Varone wins face-off versus Martin Hanzal in Inferno zone.
8:40 of 2nd period - Snap shot by Tyler Shattock.
8:40 of 2nd period - Shot Blocked by Charles-Olivier Roussel.
9:20 of 2nd period - Charles-Olivier Roussel is hit by Kyle Palmieri and loses puck.
9:25 of 2nd period - Slapshot by Vladimir Sobotka.
9:25 of 2nd period - Stopped by Laurent Brossoit with a rebound.
9:27 of 2nd period - Wrist shot by Vladimir Sobotka.
9:27 of 2nd period - Deflect By Patrice Cormier.
9:27 of 2nd period - Shot Blocked by Zachary Sanford.
9:27 of 2nd period - Puck is out of play.
9:28 of 2nd period - Martin Hanzal wins face-off versus Philip Varone in Blackdemons zone.
9:55 of 2nd period - Victor Rask is hit by Yannick Weber and loses puck.
10:00 of 2nd period - Slapshot by Ladislav Nagy.
10:00 of 2nd period - Shot Blocked by Simon Danis-Pepin.
10:04 of 2nd period - Snap shot by Kyle Rau.
10:04 of 2nd period - Shot Misses the Net.
10:06 of 2nd period - Snap shot by Jeffrey Foss.
10:06 of 2nd period - Shot Misses the Net.
10:20 of 2nd period - Vladimir Sobotka is hit by Jeffrey Foss and loses puck.
10:59 of 2nd period - Matt Kassian is hit by Ben Maxwell and loses puck.
11:04 of 2nd period - Slapshot by Sergei Plotnikov.
11:04 of 2nd period - Shot Misses the Net.
11:06 of 2nd period - Snap shot by Robbie Russo.
11:06 of 2nd period - Shot Blocked by David Savard.
11:08 of 2nd period - Slapshot by Jeffrey Foss.
11:08 of 2nd period - Shot Misses the Net.
11:10 of 2nd period - Snap shot by Robbie Russo.
11:10 of 2nd period - Shot Blocked by Tyler Shattock.
11:12 of 2nd period - Snap shot by Robbie Russo.
11:12 of 2nd period - Stopped by Michael Hutchinson without a rebound.
11:13 of 2nd period - Vladimir Sobotka wins face-off versus Martin Hanzal in Inferno zone.
11:38 of 2nd period - Anders Lee is hit by James Livingstone and loses puck.
12:23 of 2nd period - Snap shot by Victor Rask.
12:23 of 2nd period - Stopped by Laurent Brossoit with a rebound.
12:25 of 2nd period - Snap shot by Victor Rask.
12:25 of 2nd period - Stopped by Laurent Brossoit without a rebound.
12:26 of 2nd period - Martin Hanzal wins face-off versus Anders Lee in Blackdemons zone.
12:52 of 2nd period - Patrice Cormier is hit by Vladimir Sobotka and loses puck.
13:20 of 2nd period - Backhand shot by Ladislav Nagy.
13:20 of 2nd period - Shot Misses the Net.
13:22 of 2nd period - Snap shot by Robbie Russo.
13:22 of 2nd period - Deflect By Ladislav Nagy.
13:22 of 2nd period - Shot Misses the Net.
13:22 of 2nd period - Puck is out of play.
13:23 of 2nd period - Anders Lee wins face-off versus Martin Hanzal in Inferno zone.
13:23 of 2nd period - Anders Lee is hit by Martin Hanzal.
13:29 of 2nd period - Slapshot by Colby Robak.
13:29 of 2nd period - Shot Blocked by Robbie Russo.
13:37 of 2nd period - Vladimir Zharkov is hit by Jeffrey Foss and loses puck.
13:49 of 2nd period - Icing by David Savard.
13:50 of 2nd period - Vladimir Sobotka wins face-off versus Patrice Cormier in Inferno zone.
13:55 of 2nd period - Slapshot by Colby Robak.
13:55 of 2nd period - Shot Misses the Net.
14:38 of 2nd period - Martin Hanzal is hit by Greg Pateryn.
15:06 of 2nd period - Slapshot by Anders Lee.
15:06 of 2nd period - Stopped by Laurent Brossoit with a rebound.
15:43 of 2nd period - Backhand shot by Christian Folin.
15:43 of 2nd period - Deflect By Victor Rask.
15:43 of 2nd period - Stopped by Laurent Brossoit with a rebound.
15:45 of 2nd period - Wrist shot by Oliver Bjorkstrand.
15:45 of 2nd period - Shot Misses the Net.
16:04 of 2nd period - Wrist shot by Martin Hanzal.
16:04 of 2nd period - Stopped by Michael Hutchinson with a rebound.
16:06 of 2nd period - Snap shot by Tommy Vannelli.
16:06 of 2nd period - Stopped by Michael Hutchinson with a rebound.
16:08 of 2nd period - Slapshot by Blake Pietila.
16:08 of 2nd period - Shot Blocked by Vladimir Zharkov.
16:38 of 2nd period - Slapshot by Christian Folin.
16:38 of 2nd period - Stopped by Laurent Brossoit with a rebound.
16:40 of 2nd period - Slapshot by Christian Folin.
16:40 of 2nd period - Shot Misses the Net.
17:53 of 2nd period - Matt Kassian is hit by Robbie Russo and loses puck.
18:07 of 2nd period - Icing by Kyle Palmieri.
18:08 of 2nd period - Vladimir Sobotka wins face-off versus Scott Timmins in Inferno zone.
18:13 of 2nd period - Slapshot by Greg Pateryn.
18:13 of 2nd period - Shot Misses the Net.
18:15 of 2nd period - Backhand shot by Greg Pateryn.
18:15 of 2nd period - Stopped by Laurent Brossoit with a rebound.
18:17 of 2nd period - Slapshot by Tanner Pearson.
18:17 of 2nd period - Shot Misses the Net.
18:21 of 2nd period - Snap shot by Tanner Pearson.
18:21 of 2nd period - Stopped by Laurent Brossoit with a rebound.
18:33 of 2nd period - Tyler Shattock is hit by Alexei Morozov and loses puck.
18:48 of 2nd period - Minor Penalty to Blake Pietila for Hooking.
18:49 of 2nd period - Patrice Cormier wins face-off versus Anders Lee in Blackdemons zone.
Goals for this period are 0 for Blackdemons vs 0 for Inferno.
Shots for this period are 8 for Blackdemons vs 13 for Inferno.

3rd period


0:01 of 3rd period - Patrice Cormier wins face-off versus Anders Lee in neutral zone.
0:04 of 3rd period - Wrist shot by Ladislav Nagy.
0:04 of 3rd period - Stopped by Michael Hutchinson with a rebound.
0:48 of 3rd period - Penalty to Blake Pietila is over, Blake Pietila is back on ice.
1:30 of 3rd period - Brett Kulak is hit by Victor Rask and loses puck.
1:43 of 3rd period - James Livingstone is hit by Anders Lee.
1:47 of 3rd period - Snap shot by Zachary Sanford.
1:47 of 3rd period - Shot Misses the Net.
1:49 of 3rd period - Slapshot by Charles-Olivier Roussel.
1:49 of 3rd period - Shot Misses the Net.
2:18 of 3rd period - Snap shot by Bryan Rust.
2:18 of 3rd period - Stopped by Laurent Brossoit with a rebound.
2:22 of 3rd period - Wrist shot by Anders Lee.
2:22 of 3rd period - Shot Blocked by Blake Pietila.
2:40 of 3rd period - Snap shot by Vladimir Zharkov.
2:40 of 3rd period - Stopped by Laurent Brossoit with a rebound.
2:57 of 3rd period - Icing by Keaton Ellerby.
2:58 of 3rd period - Martin Hanzal wins face-off versus Vladimir Sobotka in Blackdemons zone.
3:11 of 3rd period - Slapshot by Vladimir Sobotka.
3:11 of 3rd period - Goal by Vladimir Sobotka - Blackdemons : 2 - Inferno : 1.
3:12 of 3rd period - Patrice Cormier wins face-off versus Vladimir Sobotka in neutral zone.
4:17 of 3rd period - Wrist shot by Martin Hanzal.
4:17 of 3rd period - Stopped by Michael Hutchinson with a rebound.
4:19 of 3rd period - Slapshot by Brett Kulak.
4:19 of 3rd period - Deflect By Tanner Pearson.
4:19 of 3rd period - Stopped by Michael Hutchinson with a rebound.
4:21 of 3rd period - Slapshot by Blake Pietila.
4:21 of 3rd period - Stopped by Michael Hutchinson with a rebound.
5:21 of 3rd period - Simon Danis-Pepin is hit by Sergei Plotnikov and loses puck.
6:02 of 3rd period - Snap shot by Philip Varone.
6:02 of 3rd period - Stopped by Laurent Brossoit with a rebound.
6:04 of 3rd period - Slapshot by Simon Danis-Pepin.
6:04 of 3rd period - Shot Blocked by Jeffrey Foss.
6:34 of 3rd period - Snap shot by Sergei Plotnikov.
6:34 of 3rd period - Stopped by Michael Hutchinson with a rebound.
6:36 of 3rd period - Backhand shot by Tommy Vannelli.
6:36 of 3rd period - Stopped by Michael Hutchinson without a rebound.
6:37 of 3rd period - Scott Timmins wins face-off versus Vladimir Sobotka in Inferno zone.
6:38 of 3rd period - Snap shot by Sergei Plotnikov.
6:38 of 3rd period - Shot Misses the Net.
6:44 of 3rd period - Tommy Vannelli is hit by Greg Pateryn and loses puck.
6:53 of 3rd period - Slapshot by Kyle Palmieri.
6:53 of 3rd period - Shot Blocked by Tommy Vannelli.
7:44 of 3rd period - Snap shot by Alexei Morozov.
7:44 of 3rd period - Shot Misses the Net.
8:00 of 3rd period - Minor Penalty to Keaton Ellerby for Holding.
8:01 of 3rd period - Anders Lee wins face-off versus Kyle Rau in Blackdemons zone.
8:02 of 3rd period - Slapshot by Christian Folin.
8:02 of 3rd period - Stopped by Laurent Brossoit with a rebound.
8:04 of 3rd period - Wrist shot by Tanner Pearson.
8:04 of 3rd period - Shot Blocked by Kyle Rau.
8:06 of 3rd period - Snap shot by Anders Lee.
8:06 of 3rd period - Shot Blocked by Jeffrey Foss.
8:08 of 3rd period - Slapshot by Oliver Bjorkstrand.
8:08 of 3rd period - Stopped by Laurent Brossoit without a rebound.
8:09 of 3rd period - Anders Lee wins face-off versus Kyle Rau in Blackdemons zone.
8:16 of 3rd period - Snap shot by Anders Lee.
8:16 of 3rd period - Deflect By Tanner Pearson.
8:16 of 3rd period - Stopped by Laurent Brossoit with a rebound.
8:18 of 3rd period - Wrist shot by Anders Lee.
8:18 of 3rd period - Deflect By Tanner Pearson.
8:18 of 3rd period - Shot Misses the Net.
8:18 of 3rd period - Puck is out of play.
8:19 of 3rd period - Oliver Bjorkstrand wins face-off versus Patrice Cormier in Blackdemons zone.
8:22 of 3rd period - Snap shot by Tanner Pearson.
8:22 of 3rd period - Shot Blocked by Jeffrey Foss.
8:24 of 3rd period - Slapshot by Oliver Bjorkstrand.
8:24 of 3rd period - Stopped by Laurent Brossoit with a rebound.
8:26 of 3rd period - Snap shot by Anders Lee.
8:26 of 3rd period - Shot Misses the Net.
8:56 of 3rd period - Jeffrey Foss is hit by Vladimir Zharkov and loses puck.
9:19 of 3rd period - Minor Penalty to Kyle Palmieri for Roughing.
9:20 of 3rd period - Kyle Rau wins face-off versus Vladimir Sobotka in Inferno zone.
9:21 of 3rd period - Slapshot by Martin Hanzal.
9:21 of 3rd period - Shot Misses the Net.
9:23 of 3rd period - Snap shot by Kyle Rau.
9:23 of 3rd period - Stopped by Michael Hutchinson with a rebound.
9:25 of 3rd period - Wrist shot by Kyle Rau.
9:25 of 3rd period - Shot Misses the Net.
10:00 of 3rd period - Penalty to Keaton Ellerby is over, Keaton Ellerby is back on ice.
10:05 of 3rd period - Off-side.
10:06 of 3rd period - Vladimir Zharkov wins face-off versus Patrice Cormier in neutral zone.
10:31 of 3rd period - Snap shot by Anders Lee.
10:31 of 3rd period - Shot Misses the Net.
10:40 of 3rd period - Slapshot by Keaton Ellerby.
10:40 of 3rd period - Shot Blocked by Simon Danis-Pepin.
11:19 of 3rd period - Penalty to Kyle Palmieri is over, Kyle Palmieri is back on ice.
11:19 of 3rd period - Wrist shot by Martin Hanzal.
11:19 of 3rd period - Shot Blocked by Bryan Rust.
11:21 of 3rd period - Slapshot by Charles-Olivier Roussel.
11:21 of 3rd period - Deflect By Kyle Palmieri.
11:21 of 3rd period - Stopped by Michael Hutchinson without a rebound.
11:22 of 3rd period - Kyle Rau wins face-off versus Philip Varone in Inferno zone.
11:23 of 3rd period - Wrist shot by Ladislav Nagy.
11:23 of 3rd period - Stopped by Michael Hutchinson with a rebound.
11:59 of 3rd period - Snap shot by Matt Kassian.
11:59 of 3rd period - Stopped by Laurent Brossoit with a rebound.
12:01 of 3rd period - Snap shot by Philip Varone.
12:01 of 3rd period - Shot Misses the Net.
12:03 of 3rd period - Snap shot by Colby Robak.
12:03 of 3rd period - Stopped by Laurent Brossoit with a rebound.
12:05 of 3rd period - Slapshot by David Savard.
12:05 of 3rd period - Shot Blocked by Ben Maxwell.
12:07 of 3rd period - Snap shot by Matt Kassian.
12:07 of 3rd period - Stopped by Laurent Brossoit with a rebound.
12:09 of 3rd period - Wrist shot by Philip Varone.
12:09 of 3rd period - Stopped by Laurent Brossoit with a rebound.
12:11 of 3rd period - Snap shot by Tyler Shattock.
12:11 of 3rd period - Shot Blocked by Scott Timmins.
12:44 of 3rd period - Snap shot by Sergei Plotnikov.
12:44 of 3rd period - Stopped by Michael Hutchinson with a rebound.
13:21 of 3rd period - Backhand shot by Philip Varone.
13:21 of 3rd period - Stopped by Laurent Brossoit without a rebound.
13:22 of 3rd period - Patrice Cormier wins face-off versus Vladimir Sobotka in Blackdemons zone.
13:49 of 3rd period - Anders Lee is hit by Keaton Ellerby and loses puck.
14:19 of 3rd period - Wrist shot by Esa Lindell.
14:19 of 3rd period - Stopped by Laurent Brossoit with a rebound.
14:21 of 3rd period - Snap shot by Esa Lindell.
14:21 of 3rd period - Deflect By Vladimir Zharkov.
14:21 of 3rd period - Stopped by Laurent Brossoit without a rebound.
14:22 of 3rd period - Vladimir Sobotka wins face-off versus Patrice Cormier in Blackdemons zone.
14:25 of 3rd period - Snap shot by Vladimir Sobotka.
14:25 of 3rd period - Stopped by Laurent Brossoit without a rebound.
14:26 of 3rd period - Patrice Cormier wins face-off versus Vladimir Sobotka in Blackdemons zone.
14:39 of 3rd period - Snap shot by Kyle Palmieri.
14:39 of 3rd period - Deflect By Tanner Pearson.
14:39 of 3rd period - Stopped by Laurent Brossoit with a rebound.
15:34 of 3rd period - Icing by Alexei Morozov.
15:35 of 3rd period - Victor Rask wins face-off versus Martin Hanzal in Blackdemons zone.
15:50 of 3rd period - Slapshot by Christian Folin.
15:50 of 3rd period - Deflect By Oliver Bjorkstrand.
15:50 of 3rd period - Shot Misses the Net.
15:50 of 3rd period - Puck is out of play.
15:51 of 3rd period - Vladimir Sobotka wins face-off versus Ladislav Nagy in Blackdemons zone.
15:54 of 3rd period - Wrist shot by Kyle Palmieri.
15:54 of 3rd period - Stopped by Laurent Brossoit without a rebound.
15:55 of 3rd period - Vladimir Sobotka wins face-off versus Kyle Rau in Blackdemons zone.
16:03 of 3rd period - Double Minor Penalty to Ladislav Nagy for Slashing.
16:04 of 3rd period - Patrice Cormier wins face-off versus Anders Lee in Blackdemons zone.
16:30 of 3rd period - Patrice Cormier is hit by David Savard and loses puck.
16:39 of 3rd period - Wrist shot by Kyle Palmieri.
16:39 of 3rd period - Stopped by Laurent Brossoit with a rebound.
17:16 of 3rd period - Kyle Rau is hit by Victor Rask.
18:22 of 3rd period - Zachary Sanford is hit by David Savard and loses puck.
19:08 of 3rd period - Anders Lee is hit by Sergei Plotnikov and loses puck.
19:37 of 3rd period - Keaton Ellerby is hit by Tyler Shattock and loses puck.
Goals for this period are 0 for Blackdemons vs 1 for Inferno.
Shots for this period are 10 for Blackdemons vs 19 for Inferno.